 Dungeon Crawl Stone Soup version 0.21.1-1-g345015f (webtiles) character file.

54519 troglodite the Carver (level 14, 0/113 HPs)
             Began as a Demonspawn Berserker on Mar 13, 2018.
             Was the Champion of Trog.
             Slain by a basilisk (5 damage)
             ... on level 3 of the Lair of Beasts on Mar 14, 2018.
             The game lasted 01:01:14 (20102 turns).

troglodite the Carver (Demonspawn Berserker)       Turns: 20102, Time: 01:01:14

Health: 0/113      AC: 19    Str: 23    XL:     14   Next: 34%
Magic:  0/14       EV:  2    Int:  8    God:    Trog [******]
Gold:   362        SH:  0    Dex: 17    Spells: 13/13 levels left

rFire    . . .     SeeInvis .   J - +8 scimitar of the Trees {freeze, +Rage rPois rF- Str+4}
rCold    + . .     Gourm    .   s - +0 shield {rC+ rF+}
rNeg     + + +     Faith    +   x - +1 ring mail of Hedging {rN+ rCorr Slay+3}
rPois    ∞         Spirit   +   E - +2 helmet
rElec    .         Reflect  .   I - +0 cloak
rCorr    +         Harm     .   (no gloves)
MR       ++...                  (boots unavailable)
Stlth    +.........             D - amulet of faith
HPRegen  0.28/turn              g - ring of protection from magic
MPRegen  0.28/turn              j - ring of positive energy

@: petrified
A: talons 3, iridescent scales 3, magic shield, magic regeneration
a: Berserk, Trog's Hand, Brothers in Arms, Burn Spellbooks, Renounce Religion,
Evoke Berserk Rage


You were on level 3 of the Lair of Beasts.
You worshipped Trog.
Trog was exalted by your worship.
You were not hungry.

You visited 3 branches of the dungeon, and saw 18 of its levels.

You collected 1828 gold pieces.
You spent 1466 gold pieces at shops.

Inventory:

Hand Weapons
 J - the +8 scimitar of the Trees (weapon) {freeze, +Rage rPois rF- Str+4}
   (You found it on level 7 of the Dungeon)

   It has been specially enchanted to freeze those struck by it, causing extra
   injury to most foes and up to half again as much damage against particularly
   susceptible opponents.
   It can also slow down cold-blooded creatures.
   It affects your strength (+4).
   It makes you vulnerable to fire.
   It protects you from poison.
   It lets you go berserk.
 O - a +4 scimitar of flaming
Armour
 s - a +0 shield of resistance (worn)
 x - the +1 ring mail of Hedging (worn) {rN+ rCorr Slay+3}
   (You bought it in a shop on level 2 of the Orcish Mines)

   It affects your accuracy and damage with ranged weapons and melee attacks
   (+3).
   It protects you from negative energy.
   It protects you from acid and corrosion.
 E - a +2 helmet (worn)
 I - a +0 cloak (worn)
 K - a +3 plate armour
 X - the +0 shield "Riyhidid" {+Inv MR- Int+5}
   (You bought it in a shop on level 2 of the Orcish Mines)

   It affects your intelligence (+5).
   It affects your resistance to hostile enchantments.
   It lets you turn invisible.
Jewellery
 g - a ring of protection from magic (left hand)
 h - an uncursed ring of fire
 j - a ring of positive energy (right hand)
 n - an uncursed ring of protection from fire
 o - a +3 ring of strength
 C - an uncursed amulet of magic regeneration
 D - an amulet of faith (around neck)
 F - an uncursed ring of protection from fire
 H - an uncursed ring of fire
 Q - a +4 ring of strength
 R - an uncursed ring of protection from fire
 T - an uncursed ring of protection from cold
 W - a +3 ring of intelligence
Wands
 a - a wand of paralysis (22)
 y - a wand of flame (29)
 P - a wand of iceblast (12)
 S - a wand of acid (38)
 U - a wand of polymorph (22)
Scrolls
 b - 4 scrolls of immolation {unknown}
 f - 7 scrolls of remove curse
 l - 7 scrolls of blinking
 m - 2 scrolls of enchant armour
 r - a scroll of noise {unknown}
 t - 2 scrolls of fog {unknown}
 w - 6 scrolls of teleportation
 A - 5 scrolls of magic mapping
 G - 2 scrolls of enchant weapon {unknown}
 L - 2 scrolls of identify
Potions
 d - 3 potions of mutation
 e - 2 potions of brilliance
 i - 10 potions of curing
 k - 2 potions of berserk rage
 p - 5 potions of lignification
 q - 3 potions of flight
 u - 4 potions of resistance
 v - 2 potions of agility
 z - 6 potions of heal wounds
 B - a potion of magic
 M - 5 potions of haste
 N - a potion of invisibility
Comestibles
 c - 37 rations


   Skills:
 * Level 11.6 Fighting
 + Level 12.1 Long Blades
 * Level 9.9 Armour
 * Level 9.0 Dodging
 + Level 1.9 Stealth
 * Level 11.5 Shields


You had 13 spell levels left.
You didn't know any spells.

Dungeon Overview and Level Annotations

Branches:
Dungeon (13/15)            Temple (0/1) D:5            Lair (3/6) D:8
  Swamp (0/4) Lair:2          Orc (2/2) D:10            Elf (0/3) Orc:2
 Vaults (0/5) D:13
  Snake: Lair:2-4    Spider: Lair:2-4

Altars:
Ashenzari
Cheibriados
Elyvilon
Fedhas
Gozag
Hepliaklqana
Kikubaaqudgha
Makhleb
Okawaru
Qazlal
Ru
Uskayaw
Xom
Yredelemnul
Beogh

Shops:
D:6 ?   D:7 [   Orc:2 [[=[

Annotations:
D:7 Prince Ribbit


Innate Abilities, Weirdness & Mutations

You have claws for feet.
You are completely covered in iridescent scales. (AC +6)
When hurt, damage is shared between your health and your magic reserves.
You regenerate magic rapidly.


Message History

* * * LOW HITPOINT WARNING * * *
The 11-headed hydra bites you but does no damage.
The 11-headed hydra bites you.
* * * LOW HITPOINT WARNING * * *
The 11-headed hydra bites you!
* * * LOW HITPOINT WARNING * * *
The 11-headed hydra bites you but does no damage. x3
The basilisk bites you but does no damage.
The 11-headed hydra bites you but does no damage. x2
The 11-headed hydra bites you.
* * * LOW HITPOINT WARNING * * *
The 11-headed hydra bites you but does no damage. x2
The 11-headed hydra bites you.
* * * LOW HITPOINT WARNING * * *
The 11-headed hydra bites you.
The 11-headed hydra bites you but does no damage. x3
The 11-headed hydra bites you!
* * * LOW HITPOINT WARNING * * *
The basilisk bites you!
You die...

#. #. ##.#####
...... #.... #..P
. ##..#### ...
#.#....#.....
#...<@.......
>........lD......
#.#.#............
................
#.#.###.#.#.>....
.... ...#.!.....
#.# #... ......#
.. .... #.....#


You could see a 11-headed hydra and a basilisk.

Vanquished Creatures
  An orc warlord (Orc:2)
  A very ugly thing (D:12)
  Harold (D:10)
  Erica (D:9)
  A catoblepas (D:13)
  A death knight (D:13)
  2 dancing weapons (D:13)
  3 death yaks (D:8)
  5 two-headed ogres
  A centaur warrior (D:13)
  Urug (D:11)
  6 orc high priests
  3 orc knights (Orc:2)
  3 wizards (D:12)
  2 deep elf magi
  An oklob plant (Orc:2)
  9 ugly things
  An orc sorcerer (Orc:2)
  A manticore (D:10)
  4 cyclopes
  A black mamba (Lair:1)
  10 spiny frogs
  3 gargoyles
  3 centaur skeletons
  2 freezing wraiths (D:13)
  A rime drake (Lair:2)
  4 trolls
  2 hornets
  6 hippogriffs
  Sigmund (D:6)
  A spriggan (D:8)
  A shadow (D:13)
  A wyvern (D:12)
  32 yaks
  3 wraiths
  Grum (D:9)
  A basilisk (Lair:2)
  A hungry ghost (D:10)
  3 vampire mosquitoes (D:12)
  2 wargs
  Edmund (D:6)
  A soldier ant (D:12)
  Duvessa (D:6)
  3 water moccasins
  A porcupine (Lair:1)
  2 phantoms (D:9)
  A hornet zombie (D:13)
  A necrophage (D:10)
  2 ice beasts
  2 sky beasts
  2 black bears
  10 centaurs
  39 orc warriors
  20 ogres
  An eye of draining (D:12)
  12 wolves
  7 crocodiles
  6 bullfrogs
  2 big kobolds
  A gnoll sergeant (D:7)
  A wyvern zombie (D:11)
  Dowan (D:6)
  4 scorpions
  11 killer bees
  7 howler monkeys
  8 wights
  An electric eel (Lair:2)
  6 crimson imps
  A bullfrog zombie (D:11)
  3 quasits
  4 jellies
  23 orc wizards
  5 hounds
  27 orc priests
  7 iguanas
  12 worker ants
  2 hound zombies
  4 hound skeletons
  A worker ant zombie (D:10)
  14 gnolls
  13 adders
  4 shadow imps
  3 oozes
  An adder zombie (D:8)
  An adder skeleton (D:4)
  A worm (D:5)
  8 leopard geckos
  76 orcs
  6 giant cockroaches
  4 goblins
  6 hobgoblins (D:3)
  13 jackals
  8 kobolds
  3 quokkas
  2 ball pythons
  3 bats
  6 frilled lizards
  A jackal zombie (D:7)
  4 rats
  A bush (D:10)
548 creatures vanquished.

Vanquished Creatures (collateral kills)
  2 wargs (Orc:1)
  An orc warrior (Orc:2)
  2 ogres (Orc:1)
5 creatures vanquished.

Vanquished Creatures (others)
  A shadow imp (D:10)
1 creature vanquished.

Grand Total: 554 creatures vanquished

Notes
Turn   | Place    | Note
-------+----------+-------------------------------------------
     0 | D:1      | troglodite the Demonspawn Berserker began the quest for the Orb.
     0 | D:1      | Reached XP level 1. HP: 18/18 MP: 1/1
   379 | D:1      | Reached skill level 3 in Long Blades
   476 | D:1      | Gained mutation: You are partially covered in iridescent scales. (AC +2) [demonic ancestry]
   476 | D:1      | Reached XP level 2. HP: 24/24 MP: 2/2
  1221 | D:2      | Found a stormy altar of Qazlal.
  1414 | D:2      | Reached XP level 3. HP: 21/29 MP: 3/3
  2073 | D:3      | Gained mutation: You are mostly covered in iridescent scales. (AC +4) [demonic ancestry]
  2073 | D:3      | Reached XP level 4. HP: 35/35 MP: 4/4
  2585 | D:3      | Identified a +2 pair of boots of running (You found it on level 3 of the Dungeon)
  2652 | D:3      | Found an iron altar of Okawaru.
  2727 | D:3      | Reached ** piety under Trog
  2757 | D:3      | Reached skill level 4 in Long Blades
  2863 | D:3      | Reached XP level 5. HP: 37/41 MP: 5/5
  2925 | D:3      | Found a shattered altar of Ashenzari.
  3052 | D:3      | Found a basalt altar of Yredelemnul.
  3179 | D:3      | Found a burning altar of Makhleb.
  3248 | D:4      | Noticed an ogre
  3256 | D:4      | Killed an ogre
  3409 | D:4      | Gained mutation: When hurt, damage is shared between your health and your magic reserves. [demonic ancestry]
  3409 | D:4      | Reached XP level 6. HP: 45/48 MP: 6/6
  3831 | D:4      | Found a shimmering altar of Xom.
  3832 | D:4      | Found a hazy altar of Hepliaklqana.
  3832 | D:4      | Noticed a hell beast
  3833 | D:4      | Noticed a hell beast
  3833 | D:4      | Noticed a spectral ugly thing
  4660 | D:5      | Entered Level 5 of the Dungeon
  4672 | D:5      | Found a staircase to the Ecumenical Temple.
  4736 | D:5      | Reached skill level 5 in Long Blades
  4837 | D:5      | Found a hide-covered altar of Uskayaw.
  5010 | D:5      | Gained mutation: You have sharp toenails. [demonic ancestry]
  5010 | D:5      | Reached XP level 7. HP: 45/54 MP: 7/7
  5029 | D:5      | Reached skill level 1 in Shields
  5407 | D:6      | Reached *** piety under Trog
  5433 | D:6      | Noticed Duvessa
  5433 | D:6      | Noticed Dowan
  5445 | D:6      | Killed Duvessa
  5446 | D:6      | Killed Dowan
  5543 | D:6      | Gained mutation: You are completely covered in iridescent scales. (AC +6) [demonic ancestry]
  5543 | D:6      | Reached XP level 8. HP: 61/61 MP: 5/8
  5773 | D:6      | Found an opulent altar of Gozag.
  5776 | D:6      | Found a snail-covered altar of Cheibriados.
  5779 | D:6      | Found an ancient bone altar of Kikubaaqudgha.
  5782 | D:6      | Found a sacrificial altar of Ru.
  5851 | D:6      | Found Dint's Magic Scroll Shoppe.
  5855 | D:6      | Bought a scroll of magic mapping for 49 gold pieces
  5962 | D:6      | Reached skill level 5 in Fighting
  6460 | D:6      | Reached skill level 6 in Long Blades
  6631 | D:6      | Noticed Sigmund
  6637 | D:6      | Killed Sigmund
  6656 | D:6      | Noticed Edmund
  6765 | D:6      | Killed Edmund
  6765 | D:6      | Reached **** piety under Trog
  6765 | D:6      | Reached skill level 5 in Armour
  7267 | D:7      | Found Enijair's Antique Armour Emporium.
  7485 | D:7      | Gained mutation: You have razor-sharp toenails. [demonic ancestry]
  7485 | D:7      | Reached XP level 9. HP: 68/68 MP: 9/9
  8018 | D:7      | Noticed Prince Ribbit
  8180 | D:7      | Got a warped scimitar
  8181 | D:7      | Identified the +8 scimitar of the Trees {freeze, +Rage rPois rF- Str+4} (You found it on level 7 of the Dungeon)
  8289 | D:7      | Reached skill level 5 in Shields
  8472 | D:8      | Reached skill level 7 in Long Blades
  8530 | D:8      | Reached skill level 1 in Stealth
  8651 | D:8      | Reached ***** piety under Trog
  8722 | D:8      | Reached XP level 10. HP: 71/77 MP: 8/10
  8775 | D:8      | Noticed a death yak
  8776 | D:8      | Noticed a death yak
  8778 | D:8      | Noticed a death yak
  8785 | D:8      | Killed a death yak
  8785 | D:8      | Reached skill level 5 in Dodging
  8794 | D:8      | Killed a death yak
  8794 | D:8      | Reached skill level 8 in Long Blades
  8800 | D:8      | Killed a death yak
  8900 | D:8      | Found a staircase to the Lair.
  9107 | D:8      | Noticed a deep elf mage
  9117 | D:8      | Killed a deep elf mage
  9122 | D:8      | Got a polished spear {antimagic}
  9123 | D:8      | Identified the +10 spear of Hesaipen {antimagic, rN++} (You took it off a deep elf mage on level 8 of the Dungeon)
  9332 | D:9      | Received a gift from Trog
  9349 | D:9      | Noticed Erica
  9359 | D:9      | Killed Erica
  9359 | D:9      | Reached skill level 9 in Long Blades
  9359 | D:9      | Reached XP level 11. HP: 86/86 MP: 9/11
  9483 | D:9      | Identified the Tome of Hexes and Calling
  9726 | D:9      | Noticed Grum
  9749 | D:9      | Killed Grum
  9838 | D:9      | Found a white marble altar of Elyvilon.
 10015 | D:10     | Entered Level 10 of the Dungeon
 10036 | D:10     | Found a staircase to the Orcish Mines.
 10037 | D:10     | Noticed Harold
 10049 | D:10     | Killed Harold
 10126 | D:10     | Found a roughly hewn altar of Beogh.
 10421 | D:10     | Noticed a two-headed ogre
 10427 | D:10     | Killed a two-headed ogre
 10466 | D:10     | Found a blossoming altar of Fedhas.
 10805 | D:11     | Noticed Urug
 10819 | D:11     | Killed Urug
 10835 | D:11     | Noticed a cyan ugly thing
 10953 | D:11     | Killed a cyan ugly thing
 11000 | D:11     | Noticed a two-headed ogre
 11010 | D:11     | Killed a two-headed ogre
 11010 | D:11     | Reached skill level 10 in Long Blades
 11014 | D:11     | Reached ****** piety under Trog
 11014 | D:11     | Gained mutation: You regenerate magic rapidly. [demonic ancestry]
 11014 | D:11     | Reached XP level 12. HP: 93/93 MP: 12/12
 11027 | D:11     | Received a gift from Trog
 11039 | D:11     | Got a bloodstained longbow {god gift}
 11045 | D:11     | Identified the +5 longbow "Catauxzazxo" {flame, *Drain rPois rC+ MR++} (Trog gifted it to you on level 11 of the Dungeon)
 12228 | D:12     | Paralysed by a hornet for 1 turns
 12282 | D:12     | Noticed a two-headed ogre
 12291 | D:12     | Killed a two-headed ogre
 12964 | D:12     | Received a gift from Trog
 12998 | D:12     | Noticed a two-headed ogre
 13003 | D:12     | Killed a two-headed ogre
 13116 | D:12     | Noticed a green very ugly thing
 13134 | D:12     | Killed a green very ugly thing
 13136 | D:12     | Reached skill level 10 in Fighting
 13136 | D:12     | Reached skill level 10 in Shields
 13422 | D:12     | Got a warped great mace
 13429 | D:12     | Identified the +9 great mace "Killer Klown's Regret" {crush, +Fly rPois rF+} (You found it on level 12 of the Dungeon)
 13509 | D:12     | Reached skill level 11 in Long Blades
 13542 | D:12     | Reached XP level 13. HP: 103/103 MP: 13/13
 13977 | D:13     | Found a gate to the Vaults.
 15236 | Orc:1    | Entered Level 1 of the Orcish Mines
 15571 | Orc:2    | Entered Level 2 of the Orcish Mines
 15615 | Orc:2    | Received a gift from Trog
 15720 | Orc:2    | Found a staircase to the Elven Halls.
 15775 | Orc:1    | Noticed an orc warlord
 16080 | Orc:2    | Killed an orc warlord
 16629 | Orc:2    | Received a gift from Trog
 17495 | Orc:2    | Gained mutation: You have claws for feet. [demonic ancestry]
 17495 | Orc:2    | Reached XP level 14. HP: 111/113 MP: 14/14
 18222 | Orc:2    | Found Aqyrew's Antique Armour Shoppe.
 18222 | Orc:2    | Found Esywisy's Armour Shoppe.
 18223 | Orc:2    | Found Ydul's Antique Armour Shoppe.
 18223 | Orc:2    | Found Usesuog's Jewellery Emporium.
 18249 | Orc:2    | Bought a jewelled plate armour for 672 gold pieces
 18259 | Orc:2    | Identified the cursed +0 plate armour of the Morning Star {-Tele rF+++ Dex-4 SInv} (You bought it in a shop on level 2 of the Orcish Mines)
 18261 | Orc:2    | Bought an ancient shield for 313 gold pieces
 18271 | Orc:2    | Identified the +0 shield "Riyhidid" {+Inv MR- Int+5} (You bought it in a shop on level 2 of the Orcish Mines)
 18281 | Orc:2    | Bought a crude ring mail for 216 gold pieces
 18281 | Orc:2    | Bought a warped ring mail for 216 gold pieces
 18286 | Orc:2    | Identified the cursed +0 ring mail of Paoparir {+Fly rCorr Dex+2} (You bought it in a shop on level 2 of the Orcish Mines)
 18297 | Orc:2    | Identified the +1 ring mail of Hedging {rN+ rCorr Slay+3} (You bought it in a shop on level 2 of the Orcish Mines)
 18466 | Lair:1   | Entered Level 1 of the Lair of Beasts
 18590 | Lair:1   | Received a gift from Trog
 19512 | Lair:2   | Found a staircase to the Swamp.
 19533 | Lair:2   | Reached skill level 12 in Long Blades
 20102 | Lair:3   | HP: 5/113 [11-headed hydra (4)]
 20102 | Lair:3   | Slain by a basilisk

Skill      XL: |  1  2  3  4  5  6  7  8  9 10 11 12 13 14 |
---------------+-------------------------------------------+-----
Long Blades    | 3 4 5 6 7 9 10 11 12 | 12.1
Dodging        | 2 3 4 5 6 7 8 9 |  9.0
Armour         | 2 3 4 5 6 7 8 9 |  9.9
Fighting       | 4 5 6 7 8 10 11 | 11.6
Shields        | 2 4 5 7 8 10 11 | 11.5
Stealth        | 1 |  1.9

Action                   |  1- 3 |  4- 6 |  7- 9 | 10-12 | 13-15 || total
-------------------------+-------+-------+-------+-------+-------++-------
Melee: Falchion          |    89 |   228 |   433 |       |       ||   750
       Scimitar          |       |       |    98 |   530 |   617 ||  1245
       Kick              |       |       |       |       |    76 ||    76
Invok: Berserk           |     1 |     1 |    12 |    10 |     9 ||    33
       Burn Spellbooks   |       |       |     1 |     2 |       ||     3
       Brothers in Arms  |       |       |       |       |     2 ||     2
  Use: Scroll            |       |    12 |       |     5 |     9 ||    26
       Potion            |       |       |       |     1 |     1 ||     2
 Stab: Sleeping          |     2 |       |       |       |       ||     2
       Distracted        |       |       |       |       |     1 ||     1
  Eat: Chunk             |     4 |    10 |    19 |    23 |    17 ||    73
       Ration            |       |       |     1 |     1 |     4 ||     6
Armor: Animal skin       |    10 |       |       |       |       ||    10
       Ring mail         |    21 |    23 |       |       |    83 ||   127
       Chain mail        |       |   111 |   414 |       |       ||   525
       Plate armour      |       |       |    59 |   285 |   209 ||   553
Dodge: Dodged            |    77 |    89 |   212 |   161 |   227 ||   766
Block: Shield            |       |    27 |   327 |   335 |   409 ||  1098
       Rpst.: Falchion   |    24 |    31 |    42 |       |       ||    97
       Scimitar          |       |       |    12 |    51 |    58 ||   121
